 Dungeon Crawl Stone Soup version 0.25-a0-424-g80bd347ae0 (webtiles) character file.

Game seed: 17449951311528396003, levelgen mode: deterministic

1007 MisterFreud the Cutter (level 8, -1/67 HPs)
             Began as a Gnoll Chaos Knight on Jan 20, 2020.
             Was a Plaything of Xom.
             Killed by nerve-wracking pain
             ... invoked by an orc priest
              (14 damage)
             ... on level 5 of the Dungeon.
             The game lasted 00:08:35 (4461 turns).

MisterFreud the Cutter (Gnoll Chaos Knight)         Turns: 4461, Time: 00:08:36

Health: -1/67      AC:  8    Str: 15    XL:     8   Next: 20%
Magic:  12/12      EV: 14    Int: 18    God:    Xom [.....*]
Gold:   379        SH:  0    Dex: 15    Spells: 13/13 levels left

rFire    . . .     SeeInvis .   e - +1 lajatang
rCold    . . .     Gourm    .   (shield currently unavailable)
rNeg     . . .     Faith    .   b - +2 leather armour
rPois    .         Spirit   .   (helmet restricted)
rElec    .         Reflect  .   (no cloak)
rCorr    +         Harm     .   v - +1 pair of gloves
MR       +....                  (no boots)
Stlth    ++........             (no amulet)
HPRegen  0.21/turn              o - ring of resist corrosion
MPRegen  0.13/turn              (no ring)

@: lethally poisoned (-1 -> -3)
A: distributed training, antennae 1, claws 1, fangs 1, hooves 1, blink, clever
1, magic resistance 1, wild magic 1, MP-powered wands, strong nose
a: Blink, Renounce Religion


You were on level 5 of the Dungeon.
You worshipped Xom.
You were Xom's teddy bear.
You were not hungry.

You visited 1 branch of the dungeon, and saw 5 of its levels.

You collected 379 gold pieces.

Inventory:

Hand Weapons
 a - a +0 short sword of chaos
 e - a +1 lajatang (weapon)
Missiles
 f - 26 arrows
 s - 22 bolts
 t - 22 sling bullets
 u - 116 stones (quivered)
 z - a throwing net
 D - 3 boomerangs
Armour
 b - a +2 leather armour (worn)
 v - a +1 pair of gloves (worn)
 w - a +0 shield
Jewellery
 o - a ring of resist corrosion (left hand)
Wands
 m - a wand of enslavement (10)
 B - a wand of acid (4)
Scrolls
 d - a scroll of magic mapping
 h - 2 scrolls of immolation
 k - a scroll of teleportation
 l - 2 scrolls of enchant weapon
 x - a scroll of enchant armour
 y - a scroll of remove curse
Potions
 g - 2 potions of haste
 i - 5 potions of curing
 j - a potion of heal wounds
 n - a potion of lignification {unknown}
 p - a potion of ambrosia {unknown}
 r - 2 potions of brilliance
 A - a potion of degeneration {unknown}
Comestibles
 c - 7 rations
 C - 8 chunks of flesh


   Skills:
 + Level 7.2 Fighting
 + Level 7.2 Short Blades
 + Level 3.0 Long Blades
 + Level 3.0 Axes
 + Level 3.0 Maces & Flails
 + Level 3.0 Polearms
 + Level 3.0 Staves
 + Level 3.0 Slings
 + Level 3.0 Bows
 + Level 3.0 Crossbows
 + Level 3.0 Throwing
 + Level 5.5 Armour
 + Level 4.0 Dodging
 + Level 3.0 Stealth
 + Level 3.0 Shields
 + Level 3.0 Unarmed Combat
 + Level 3.0 Spellcasting
 + Level 2.4 Conjurations
 + Level 2.4 Hexes
 + Level 2.4 Charms
 + Level 2.4 Summonings
 + Level 2.4 Necromancy
 + Level 2.4 Translocations
 + Level 2.4 Transmutations
 + Level 2.4 Fire Magic
 + Level 2.4 Ice Magic
 + Level 2.4 Air Magic
 + Level 2.4 Earth Magic
 + Level 2.4 Poison Magic
 + Level 3.3 Invocations
 + Level 3.0 Evocations


You had 13 spell levels left.
You didn't know any spells.
Your spell library was empty.

Dungeon Overview and Level Annotations

Branches:
Dungeon (5/15)             Temple (0/1) D:4

Altars:
Dithmenos
Gozag
Hepliaklqana
Kikubaaqudgha
Okawaru
Uskayaw
Wu Jian
Xom
The Shining One


Innate Abilities, Weirdness & Mutations

Your experience applies equally to all skills.
You have very sharp teeth.
Your uncanny sense of smell can sniff out nearby items.
You have a pair of small antennae on your head.
You have sharp fingernails.
You have large cloven feet.
You can translocate small distances at will.
Your mind is acute. (Int +2)
You are resistant to hostile enchantments. (MR+)
Your spells are a little harder to cast, but a little more powerful.
You expend magic power (3 MP) to strengthen your wands.


Message History

Your Shields skill increases to level 3!
Your Unarmed Combat skill increases to level 3!
Your Spellcasting skill increases to level 3!
Your Evocations skill increases to level 3!
The iguana bites you but does no damage.
The adder barely misses you.
You closely miss the iguana. Your kick misses the iguana. The iguana bites you.
* * * LOW HITPOINT WARNING * * *
Your +0 flail completely misses the adder.
The adder bites you.
* * * LOW HITPOINT WARNING * * *
You are poisoned.
The adder poisons you!
You closely miss the orc priest. You kick the orc priest.
The orc priest is lightly wounded.
You feel sick.
Your +0 flail hits the adder.
The adder bites you but does no damage. The iguana barely misses you.
The orc priest calls down the wrath of Beogh upon you.
Pain shoots through your body!
You die...

#..# #.#<#,,**∆,**
##############..# #.#.#,,∆,,,*
#...............# #.#.#,,,,,,**
#...............# #...#***'*'*,
#..........)....# #####* *,*,,,
#.$.............# *#...,***,*,,,
#............)[.#*#....,,**,*,,,
#............)(S##..#..*,,',*,,,
*###############@l'...#*,,,*,*,,,
*,,,,........###.o'...#*,,,*,*,,,
*,,,,........##..##..#..*,,*'***,
*,,,,........##..)##....,,**,,,**
*............##.#.###...,**,,∆,,,
*............##.#..#*###**,,*,*∆,
#............##'##.# *,,∆,*,,,
.................#.# **,,*,*∆,
...#*######......#.# **,,∆,,,


You could see an iguana, an orc priest, an adder and a friendly +0 flail.

Vanquished Creatures
  A wraith (D:5)
  An ice beast (D:5)
  A sky beast (D:4)
  A scorpion (D:4)
  A quasit (D:5)
  An iron imp (D:5)
  2 orc priests (D:5)
  A bullfrog zombie (D:5)
  A hound (D:5)
  2 orc wizards
  4 worker ants
  4 gnolls
  2 adders (D:5)
  An adder skeleton (D:4)
  A dart slug (D:2)
  2 leopard geckos
  14 orcs
  A ball python (D:1)
  8 bats
  5 giant cockroaches
  11 goblins
  4 hobgoblins
  9 jackals
  4 kobolds
  A quokka (D:3)
  6 frilled lizards
  3 goblin skeletons (D:5)
  A goblin zombie (D:5)
  A hobgoblin zombie (D:5)
  A kobold skeleton (D:5)
  An orc skeleton (D:5)
  2 orc zombies (D:5)
  11 rats
109 creatures vanquished.

Vanquished Creatures (collateral kills)
  A sky beast (D:5)
  An ogre (D:5)
  An orc priest (D:5)
  2 orc wizards (D:5)
  A leopard gecko (D:5)
  4 orcs (D:5)
10 creatures vanquished.

Vanquished Creatures (others)
  3 gnolls (D:3)
  A rat (D:3)
4 creatures vanquished.

Grand Total: 123 creatures vanquished

Notes
Turn   | Place    | Note
-------+----------+-------------------------------------------
     0 | D:1      | MisterFreud the Gnoll Chaos Knight began the quest for the
                  | Orb.
     0 | D:1      | Reached XP level 1. HP: 23/23 MP: 1/1
   150 | D:1      | Reached XP level 2. HP: 26/29 MP: 2/2
   165 | D:1      | XOM: potion effect (curing)
   484 | D:1      | XOM: divination: detect creatures
   511 | D:1      | XOM: divination: detect items
   682 | D:2      | Reached XP level 3. HP: 35/35 MP: 3/3
   690 | D:2      | XOM: divination: magic mapping
   836 | D:2      | XOM: harmless Air miscast
   843 | D:2      | Reached skill level 1 in Invocations
   849 | D:2      | XOM: silly message
  1111 | D:2      | XOM: silly message
  1113 | D:2      | Found an iron altar of Okawaru.
  1198 | D:2      | XOM: cloud trail
  1439 | D:2      | XOM: cloud trail
  1708 | D:3      | XOM: destruction
  1737 | D:3      | Reached skill level 1 in Long Blades
  1737 | D:3      | Reached skill level 1 in Axes
  1737 | D:3      | Reached skill level 1 in Maces & Flails
  1737 | D:3      | Reached skill level 1 in Polearms
  1737 | D:3      | Reached skill level 1 in Staves
  1737 | D:3      | Reached skill level 1 in Slings
  1737 | D:3      | Reached skill level 1 in Bows
  1737 | D:3      | Reached skill level 1 in Crossbows
  1737 | D:3      | Reached skill level 1 in Throwing
  1737 | D:3      | Reached skill level 1 in Stealth
  1737 | D:3      | Reached skill level 1 in Shields
  1737 | D:3      | Reached skill level 1 in Unarmed Combat
  1737 | D:3      | Reached skill level 1 in Spellcasting
  1737 | D:3      | Reached skill level 1 in Evocations
  1738 | D:3      | Reached XP level 4. HP: 10/41 MP: 5/5
  1786 | D:3      | XOM: summons 2 hostile demons
  1817 | D:2      | XOM: divination: detect items
  1979 | D:2      | XOM: summons 2 hostile shadow creatures
  2115 | D:3      | XOM: 1-stop teleportation journey
  2133 | D:3      | XOM: mild Chrm miscast
  2272 | D:3      | Reached skill level 1 in Conjurations
  2272 | D:3      | Reached skill level 1 in Hexes
  2272 | D:3      | Reached skill level 1 in Charms
  2272 | D:3      | Reached skill level 1 in Summonings
  2272 | D:3      | Reached skill level 1 in Necromancy
  2272 | D:3      | Reached skill level 1 in Translocations
  2272 | D:3      | Reached skill level 1 in Transmutations
  2272 | D:3      | Reached skill level 1 in Fire Magic
  2272 | D:3      | Reached skill level 1 in Ice Magic
  2272 | D:3      | Reached skill level 1 in Air Magic
  2272 | D:3      | Reached skill level 1 in Earth Magic
  2272 | D:3      | Reached skill level 1 in Poison Magic
  2355 | D:3      | Found a shimmering altar of Xom.
  2356 | D:3      | Found a hazy altar of Hepliaklqana.
  2357 | D:3      | Noticed a spectral ugly thing
  2420 | D:3      | Reached XP level 5. HP: 46/47 MP: 5/7
  2549 | D:4      | Found a staircase to the Ecumenical Temple.
  2789 | D:4      | XOM: give mutations
  2789 | D:4      | Gained mutation: Your mind is acute. (Int +2) [Xom's grace]
  2789 | D:4      | Gained mutation: You can translocate small distances at
                  | will. [Xom's grace]
  2789 | D:4      | Gained mutation: You have large cloven feet. [Xom's grace]
  2789 | D:4      | Gained mutation: You are resistant to hostile enchantments.
                  | (MR+) [Xom's grace]
  2880 | D:4      | Noticed a sky beast
  2895 | D:4      | Killed a sky beast
  2895 | D:4      | Reached XP level 6. HP: 44/53 MP: 8/8
  2952 | D:4      | Found an ornate altar of the Wu Jian Council.
  2954 | D:4      | Found a hide-covered altar of Uskayaw.
  2981 | D:4      | XOM: give mutations
  2981 | D:4      | Gained mutation: Your spells are a little harder to cast,
                  | but a little more powerful. [Xom's grace]
  2981 | D:4      | Gained mutation: You expend magic power (3 MP) to
                  | strengthen your wands. [Xom's grace]
  3052 | D:4      | Reached skill level 5 in Armour
  3214 | D:4      | XOM: give mutation
  3214 | D:4      | Gained mutation: You have a pair of small antennae on your
                  | head. [Xom's grace]
  3217 | D:4      | Found an opulent altar of Gozag.
  3217 | D:4      | Found a shadowy altar of Dithmenos.
  3218 | D:4      | Found an ancient bone altar of Kikubaaqudgha.
  3317 | D:5      | Entered Level 5 of the Dungeon
  3329 | D:5      | XOM: potion effect (invisibility)
  3347 | D:5      | Noticed an ice beast
  3358 | D:5      | Killed an ice beast
  3358 | D:5      | Reached XP level 7. HP: 51/59 MP: 10/10
  3358 | D:5      | XOM: harmless Tmut miscast
  3381 | D:5      | Found a glowing golden altar of the Shining One.
  3468 | D:5      | XOM: confusion
  3479 | D:5      | XOM: 9-stop teleportation journey
  3752 | D:5      | XOM: noise
  3821 | D:5      | Noticed a wraith
  3867 | D:5      | XOM: scenery: create altars
  3928 | D:5      | XOM: summons friendly iron imp
  3955 | D:5      | XOM: enchant monster (good)
  3964 | D:5      | Killed a wraith
  4040 | D:5      | XOM: give mutation
  4040 | D:5      | Gained mutation: You have sharp fingernails. [Xom's grace]
  4088 | D:5      | XOM: cast spell 'Disjunction'
  4238 | D:4      | XOM: divination: magic mapping
  4242 | D:4      | XOM: god gift: lajatang {god gift}
  4271 | D:4      | XOM: scenery: create altars
  4412 | D:5      | Reached XP level 8. HP: 33/67 MP: 12/12
  4461 | D:5      | Killed from afar by an orc priest

Levels and vault maps discovered:
D:1:      dpeg_arrival_rooms_c, layout_loops_cross
D:2:      layout_loops_ring, old_standard_altar
D:3:      layout_rooms, regret_index_temple_of_mockery, chequers_arboretum
D:4:      layout_gridville, gammafunk_temple_overflow_claw,
          chequers_temple_overflow_statue_of_worship,
          minmay_temple_entry_junction, first_ration
D:5:      minmay_polygon_palace, layout_basic, nicolae_tso_besieged_by_evil,
          kennysheep_little_box

Skill      XL: |  1  2  3  4  5  6  7  8 |
---------------+-------------------------+-----
Invocations    | 1 2 3 |  3.3
Long Blades    | 1 2 3 |  3.0
Axes           | 1 2 3 |  3.0
Maces & Flails | 1 2 3 |  3.0
Polearms       | 1 2 3 |  3.0
Staves         | 1 2 3 |  3.0
Slings         | 1 2 3 |  3.0
Bows           | 1 2 3 |  3.0
Crossbows      | 1 2 3 |  3.0
Throwing       | 1 2 3 |  3.0
Stealth        | 1 2 3 |  3.0
Shields        | 1 2 3 |  3.0
Unarmed Combat | 1 2 3 |  3.0
Spellcasting   | 1 2 3 |  3.0
Evocations     | 1 2 3 |  3.0
Conjurations   | 1 2 |  2.4
Hexes          | 1 2 |  2.4
Charms         | 1 2 |  2.4
Summonings     | 1 2 |  2.4
Necromancy     | 1 2 |  2.4
Translocations | 1 2 |  2.4
Transmutations | 1 2 |  2.4
Fire Magic     | 1 2 |  2.4
Ice Magic      | 1 2 |  2.4
Air Magic      | 1 2 |  2.4
Earth Magic    | 1 2 |  2.4
Poison Magic   | 1 2 |  2.4
Dodging        | 3 4 |  4.0
Armour         | 5 |  5.5
Fighting       | 7 |  7.2
Short Blades   | 7 |  7.2

Action                   |  1- 3 |  4- 6 |  7- 9 || total
-------------------------+-------+-------+-------++-------
Melee: Short sword       |   128 |   157 |    72 ||   357
       Bite              |    10 |    17 |    15 ||    42
       Punch             |       |     2 |     2 ||     4
       Kick              |       |    16 |    22 ||    38
       Lajatang          |       |       |    21 ||    21
Evoke: Wand              |       |     1 |       ||     1
  Use: Scroll            |       |     5 |     9 ||    14
       Potion            |       |       |     1 ||     1
 Stab: Sleeping          |     3 |       |     3 ||     6
       Paralysed         |     1 |       |       ||     1
       Confused          |       |     1 |       ||     1
       Invisible         |       |     5 |     3 ||     8
       Distracted        |       |       |     1 ||     1
  Eat: Chunk             |     1 |     6 |     4 ||    11
Armor: Leather armour    |    37 |    43 |    26 ||   106
Dodge: Dodged            |    82 |    92 |    53 ||   227

Table legend:
 A = Non-vault XP
 B = Vault XP
 C = Vault XP percentage of total XP
 D = Non-vault monster count
 E = Vault monster count
 F = Vault count percentage of total count
                 A         B        C        D         E       F
            +---------+---------+-------+---------+---------+-------
      Total |    1258 |     181 |  12.6 |     107 |      13 |  10.8
            +---------+---------+-------+---------+---------+-------
        D:1 |      33 |       0 |   0.0 |      20 |       0 |   0.0
        D:2 |      35 |       0 |   0.0 |      22 |       0 |   0.0
        D:3 |     162 |       0 |   0.0 |      22 |       0 |   0.0
        D:4 |     255 |       0 |   0.0 |      13 |       0 |   0.0
        D:5 |     773 |     181 |  19.0 |      30 |      13 |  30.2
            +---------+---------+-------+---------+---------+-------
